 Dungeon Crawl Stone Soup version 0.24.1-8-ga250c9d538 (webtiles) character file.

Game seed: 9537616637040994358, levelgen mode: deterministic

545 Peloso the Shield-Bearer (level 7, 53/53 HPs)
             Began as a Demonspawn Fighter on May 9, 2020.
             Got out of the dungeon alive.
             The game lasted 00:06:10 (2070 turns).

Peloso the Shield-Bearer (Demonspawn Fighter)       Turns: 2070, Time: 00:06:10

Health: 53/53      AC: 15    Str: 18    XL:     7   Next: 6%
Magic:  7/7        EV:  5    Int: 10    God:
Gold:   168        SH:  9    Dex: 12    Spells: 6/6 levels left

rFire    . . .     SeeInvis .   a - +0 long sword
rCold    + . .     Gourm    .   c - +0 shield
rNeg     . . .     Faith    .   n - +0 plate armour
rPois    +         Spirit   .   m - +0 helmet
rElec    .         Reflect  .   r - +1 cloak {rPois}
rCorr    .         Harm     .   (no gloves)
MR       .....                  (no boots)
Stlth    ..........             (no amulet)
HPRegen  0.17/turn              l - ring of protection from cold
MPRegen  0.10/turn              u - ring of wizardry

@: no status effects
A: hooves 1, repulsion field 1, foul stench 1, spiny 1, rot immunity
a: no special abilities


You escaped.
You were very hungry.

You visited 1 branch of the dungeon, and saw 3 of its levels.

You collected 168 gold pieces.

Inventory:

Hand Weapons
 a - a +0 long sword (weapon)
Armour
 b - a +0 scale mail
 c - a +0 shield (worn)
 m - a +0 helmet (worn)
 n - a +0 plate armour (worn)
 r - a +1 cloak of poison resistance (worn)
Jewellery
 l - a ring of protection from cold (left hand)
 u - a ring of wizardry (right hand)
Scrolls
 d - a scroll of enchant weapon {unknown}
 e - a scroll of blinking {unknown}
 g - 2 scrolls of fear {unknown}
 h - 2 scrolls of enchant armour {unknown}
 i - a scroll of immolation {unknown}
 j - a scroll of fog {unknown}
 k - 4 scrolls of identify {unknown}
 t - a scroll of magic mapping {unknown}
Potions
 o - a potion of brilliance
 p - a potion of heal wounds {unknown}
 q - a potion of curing {unknown}
 s - a potion of ambrosia {unknown}
Comestibles
 f - 6 rations


   Skills:
 + Level 3.8 Fighting
 + Level 4.1 Long Blades
 + Level 4.1 Armour
 + Level 0.8 Dodging
 + Level 0.5 Stealth
 + Level 4.7 Shields


You had 6 spell levels left.
You didn't know any spells.
Your spell library contained the following spells:

 Spells                   Type           Power        Failure   Level  Hunger
 Beastly Appendage        Tmut           #.....       100%        1    ##.....
 Sticks to Snakes         Tmut           #.......     100%        2    ###....
 Spider Form              Tmut/Pois      #.........   100%        3    ####...
 Ice Form                 Ice/Tmut       #.......     100%        4    #####..
 Blade Hands              Tmut           #.........   100%        5    ######.


Dungeon Overview and Level Annotations

Branches:
Dungeon (3/15)

Altars:
Zin


Innate Abilities, Weirdness & Mutations

You have large cloven feet.
You are surrounded by a mild repulsion field. (EV +2)
You may emit foul miasma when damaged in melee.
You are partially covered in sharp spines.
You are immune to rotting.


Message History

Where to? (Enter - D:12, ? - help)
What level of the Dungeon? (default 1, ? - help)
You are feeling very hungry.
(D) Dungeon
Where to? (Enter - D:1 @ (x,y), ? - help)
There is a stone staircase leading up here.
You climb upwards.
There is a stone staircase leading down here.
You see here a +0 club.
There is a stone staircase leading up here.
You climb upwards.
There is a stone staircase leading down here.
You see here a +0 club.
There is an open door here.
There is a staircase leading out of the dungeon here.
Welcome back, Peloso the Demonspawn Fighter.
Press ? for a list of commands and other information.
Are you sure you want to leave the Dungeon?
This will make you lose the game!
HP restored.
You have escaped!

#......# #......#
#####.## #.#####
#.....# #.....#
#############.....#
#...#...#...#.....#####
#(8...@.#.8.'..........
#...#...#...##....#####
##.###.###.######## #.#
#.# #.# ##.###.###.##
#...#...#...#
#.8.#.8.#.8.#
#...#...#...#
##.###.###.##


There were no monsters in sight!

Vanquished Creatures
  Grinder (D:3)
  Sigmund (D:3)
  Crazy Yiuf (D:2)
  Jessica (D:2)
  Terence (D:2)
  4 adders
  2 worms (D:2)
  3 leopard geckos
  An orc (D:3)
  4 giant cockroaches
  6 goblins
  9 hobgoblins
  11 jackals
  10 kobolds
  A ball python (D:2)
  3 bats
  3 frilled lizards
  10 rats
72 creatures vanquished.

Notes
Turn   | Place    | Note
-------+----------+-------------------------------------------
     0 | D:1      | Peloso the Demonspawn Fighter began the quest for the Orb.
     0 | D:1      | Reached XP level 1. HP: 18/18 MP: 1/1
   153 | D:1      | Gained mutation: You are partially covered in sharp spines.
                  | [demonic ancestry]
   153 | D:1      | Reached XP level 2. HP: 12/24 MP: 2/2
   443 | D:1      | Gained mutation: You are immune to rotting. [demonic
                  | ancestry]
   443 | D:1      | Reached XP level 3. HP: 17/29 MP: 3/3
   779 | D:2      | Noticed Jessica
   798 | D:2      | Killed Jessica
   798 | D:2      | Gained mutation: You may emit foul miasma when damaged in
                  | melee. [demonic ancestry]
   798 | D:2      | Reached XP level 4. HP: 3/35 MP: 4/4
  1146 | D:2      | Noticed Terence
  1171 | D:2      | Killed Terence
  1448 | D:2      | Gained mutation: You are surrounded by a mild repulsion
                  | field. (EV +2) [demonic ancestry]
  1448 | D:2      | Reached XP level 5. HP: 29/41 MP: 5/5
  1499 | D:2      | Found a runed translucent door.
  1500 | D:2      | Noticed Crazy Yiuf
  1676 | D:2      | Killed Crazy Yiuf
  1800 | D:3      | Found a glowing silver altar of Zin.
  1805 | D:3      | Noticed Sigmund
  1817 | D:3      | Killed Sigmund
  1817 | D:3      | Reached XP level 6. HP: 30/47 MP: 6/6
  1959 | D:3      | Noticed Grinder
  1961 | D:3      | Paralysed by Grinder for 4 turns
  1975 | D:3      | Paralysed by Grinder for 2 turns
  1981 | D:3      | Killed Grinder
  1981 | D:3      | Gained mutation: You have large cloven feet. [demonic
                  | ancestry]
  1981 | D:3      | Reached XP level 7. HP: 37/53 MP: 7/7
  2070 | D:$      | Got out of the dungeon alive.

Levels and vault maps discovered:
D:1:      minmay_arrival_nine_rooms, layout_basic, minmay_pentomino_w4
D:2:      layout_loops_ring, uniq_jessica, uniq_terence, uniq_crazy_yiuf_cottage
D:3:      layout_basic, nicolae_overflow_crystal_walls,
          chequers_ecumenical_altar_simple_redux, minmay_misc_feat_pillars,
          nrook_mini_vaults, uniq_grinder, uniq_sigmund

Skill      XL: |  1  2  3  4  5  6 |
---------------+-------------------+-----
Shields        | 3 4 |  4.7
Long Blades    | 2 3 4 |  4.1
Armour         | 3 4 |  4.1
Fighting       | |  3.8
Dodging        | |  0.8
Stealth        | |  0.5

Action                   |  1- 3 |  4- 6 |  7- 9 || total
-------------------------+-------+-------+-------++-------
Melee: Long sword        |   114 |   114 |       ||   228
  Use: Potion            |     1 |     1 |       ||     2
  Eat: Chunk             |       |     3 |       ||     3
Armor: Scale mail        |    35 |       |       ||    35
       Plate armour      |    38 |    67 |       ||   105
Dodge: Dodged            |    26 |    15 |       ||    41
Block: Shield            |    62 |    45 |       ||   107
       Rpst.: Long sword |     7 |     5 |       ||    12
